 Dungeon Crawl Stone Soup version 0.28-a0-1435-g82390b3a13 (webtiles) character file.

Game seed: 13571617154989752324

114 Hasart the Skirmisher (level 4, -3/32 HPs)
             Began as an Octopode Fighter on Jan 10, 2022.
             Killed by nerve-wracking pain
             ... invoked by an orc priest
              (10 damage)
             ... on level 3 of the Dungeon.
             The game lasted 00:02:26 (2282 turns).

Hasart the Skirmisher (Octopode Fighter)            Turns: 2282, Time: 00:02:27

Health: -3/32      AC:  1    Str: 17    XL:     4   Next: 97%
Magic:  4/4        EV: 13    Int: 10    God:
Gold:   74         SH:  4    Dex: 11    Spells: 3/3 levels left

rFire   . . .      SeeInvis .   a - +0 trident
rCold   + . .      Faith    .   b - +0 buckler
rNeg    . . .      Spirit   .   (helmet restricted)
rPois   .          Reflect  .   (no amulet)
rElec   .          Harm     .   e - ring of protection from cold
rCorr   .          Rampage  .   (no ring)
Will    .....                   (no ring)
Stlth   ++........              (no ring)
HPRegen 0.10/turn               (no ring)
MPRegen 0.09/turn               (no ring)
                                (no ring)
                                (no ring)

@: no status effects
A: almost no armour, amphibious, 8 rings, camouflage 1, gelatinous body 1,
(nimble swimmer 1), tentacles
a: no special abilities


You were on level 3 of the Dungeon.
You visited 1 branch of the dungeon, and saw 3 of its levels.

You collected 74 gold pieces.

Inventory:

Hand Weapons
 a - a +0 trident (weapon)
Armour
 b - a +0 buckler (worn)
Jewellery
 e - a ring of protection from cold (left tentacle)
 h - an amulet of faith
 j - a ring of protection from cold
Wands
 i - a wand of polymorph (7)
Scrolls
 d - a scroll of enchant weapon {unknown}
 g - 4 scrolls of identify {unknown}
 l - a scroll of vulnerability {unknown}
Potions
 c - 2 potions of might
 f - 3 potions of ambrosia {unknown}
 k - 2 potions of attraction {unknown}


   Skills:
 + Level 3.6 Fighting
 * Level 3.4 Polearms
 + Level 3.6 Dodging
 + Level 3.6 Shields


You had 3 spell levels left.
You didn't know any spells.
Your spell library contained the following spells:

 Spells                   Type           Power      Damage    Failure   Level
 Magic Dart               Conj           0%         1d3       45%         1
 Call Imp                 Summ           0%         N/A       58%         2
 Mephitic Cloud           Conj/Pois/Air  0%         N/A       83%         3


Dungeon Overview and Level Annotations

Branches:
Dungeon (3/15)

Altars:


Innate Abilities, Weirdness & Mutations

You cannot wear most types of armour.
You are amphibious.
You can wear up to eight rings at the same time.
Your skin changes colour to match your surroundings (Stealth+).
Your rubbery body absorbs attacks. (AC +1, EV +1)
((You are camouflaged when in or above water. (Stealth+)))
You have tentacles for arms and can constrict up to eight enemies at once.


Message History

The orc is almost dead.
You constrict the orc.
You kill the orc!
Things that are here:
a +0 falchion; a +0 leather armour; an orc corpse You hit the orc.
You grab the orc.
The orc is lightly wounded.
You constrict the orc. The orc barely misses you.
You puncture the orc!
You kill the orc!
An orc priest comes into view. It is wielding a +0 club.
You closely miss the orc.
The orc priest shouts!
You grab the orc. You constrict the orc.
The orc hits you with a +0 dagger of draining.
You feel drained. You block the orc's attack.
You puncture the orc!
You kill the orc!
The orc priest mumbles some strange prayers to Beogh against you.
Beogh smites you!
You barely miss the orc. You grab the orc.
You constrict the orc, but do no damage.
The orc hits you but does no damage.
The orc priest invokes the aid of Beogh against you.
Beogh smites you!
* * * LOW HITPOINT WARNING * * *
You block the orc's attack.
You hit the orc but do no damage. You constrict the orc.
The orc completely misses you.
Unknown command.
You hit the orc.
You kill the orc!
Your life force feels restored.
Unknown command.
You hit the orc priest. You grab the orc priest.
The orc priest is moderately wounded.
You constrict the orc priest. You block the orc priest's attack.
The orc priest invokes the aid of Beogh against you.
Pain shoots through your body!
You die...

### ### #<# ..#
#######.# #.#
........# #.#
######### #o# #
#@# # #.# # #.# #
#.# # #.#
################.#
.................#
#.##############.#
#.# #.#


You could see an orc priest.

Vanquished Creatures
  6 adders (D:2)
  2 worms (D:2)
  A dart slug (D:1)
  4 orcs (D:3)
  A ball python (D:2)
  5 endoplasms
  2 giant cockroaches (D:2)
  4 goblins
  4 jackals (D:1)
  3 kobolds
  2 quokkas (D:2)
  6 bats
  4 frilled lizards
  3 rats
47 creatures vanquished.

Notes
Turn   | Place    | Note
-------+----------+-------------------------------------------
     0 | D:1      | Hasart the Octopode Fighter began the quest for the Orb.
     0 | D:1      | Reached XP level 1. HP: 16/16 MP: 1/1
   226 | D:1      | Reached XP level 2. HP: 20/21 MP: 2/2
   259 | D:1      | Found a faded altar of an unknown god.
   545 | D:1      | Reached XP level 3. HP: 17/26 MP: 3/3
  1349 | D:2      | Reached XP level 4. HP: 31/31 MP: 4/4
  2282 | D:3      | Killed from afar by an orc priest

Illustrated notes

Levels and vault maps discovered:
D:1:      dpeg_arrival_rooms_with_view, layout_basic,
          hellmonk_ecumenical_altar_lost_god
D:2:      layout_loops_corners, minmay_between
D:3:      layout_basic, serial_glass, glass_columns_c, glass_columns_a,
          amcnicky_altar_lugonu_corruption, uniq_sigmund

Skill      XL: |  1  2  3 |
---------------+----------+-----
Polearms       | 3 |  3.4
Fighting       | |  3.6
Dodging        | |  3.6
Shields        | |  3.6

Action                   |  1- 3 |  4- 6 || total
-------------------------+-------+-------++-------
Melee: Trident           |    71 |    41 ||   112
       Tentacles         |    10 |     6 ||    16
       Constrict         |    11 |    10 ||    21
       Punch             |     2 |     1 ||     3
 Stab: Sleeping          |     7 |     5 ||    12
Armor: Skin              |    10 |     2 ||    12
Dodge: Dodged            |    27 |    13 ||    40
Block: Buckler           |    12 |     8 ||    20

Table legend: (Time is in decaauts)
 A = Elapsed time spent in this place.
 B = Non-inter-level travel time spent in this place.
 C = Inter-level travel time spent in this place.
 D = Time resting spent in this place.
 E = Time spent auto-exploring this place.
 F = Levels seen in this place.
 G = Mean time per level.
                   A        B        C        D        E       F      G
               +--------+--------+--------+--------+--------+-----+--------+
         Total |   2302 |   2269 |     33 |      0 |   2002 |   3 |  767.3 |
       Dungeon |   2302 |   2269 |     33 |      0 |   2002 |   3 |  767.3 |
               +--------+--------+--------+--------+--------+-----+--------+

Top non-repeatable levels by time:
     D:2: 1504 daAuts
     D:1: 745 daAuts
     D:3: 52 daAuts
